 Dungeon Crawl Stone Soup version 0.30.1-6-gbe392663c4 (webtiles) character file.

Game seed: 14914786695625323149

38341 wingedge the Thaumaturge (level 13, -5/104 HPs)
             Began as a Demigod Earth Elementalist on Sept 21, 2023.
             Engulfed by a cloud of freezing vapour (40 damage)
             ... on level 5 of the Lair of Beasts.
             The game lasted 01:02:39 (14905 turns).

wingedge the Thaumaturge (DgEE)                    Turns: 14905, Time: 01:02:40

Health: -5/104     AC: 11    Str: 15    XL:     13   Next: 30%
Magic:  11/30      EV: 14    Int: 32    God:
Gold:   787        SH:  0    Dex: 14    Spells: 6/30 levels left

rFire   + + .        a - +8 war axe (drain)
rCold   x x .        (no shield)
rNeg    + + +        b - +2 robe of the King of the Hill {rF+}
rPois   +            F - +1 hat
rElec   .            H - +1 cloak
rCorr   .            e - +2 pair of gloves of Qazlal's Delight {rC- Will+ Str+4 Int+3}
SInv    +            (no boots)
Will    ++...        j - amulet of magic regeneration
Stlth   +++          z - ring of wizardry
HPRegen 0.37/turn    p - ring "Ekud Ali" {Fire rPois rN+++ Str-2 SInv}
MPRegen 0.62/turn

%: wizardry (x1)
@: no status effects
A: high MP 1, forlorn, divine attributes
a: no special abilities


You were on level 5 of the Lair of Beasts.
You visited 2 branches of the dungeon, and saw 14 of its levels.
You also visited: Gauntlet.

You collected 1073 gold pieces.
You spent 286 gold pieces at shops.

Inventory:

Hand Weapons
 a - a +8 war axe of draining (weapon)
 x - a +0 dagger of distortion
 A - the +6 battleaxe "Pad Veetitai" {antimagic, rElec Str+3 Int+4}
   (You found it in a Gauntlet)

   Str:       It affects your strength (+3).
   Int:       It affects your intelligence (+4).
   rElec:     It insulates you from electricity.
Missiles
 B - 2 curare-tipped darts
 C - 2 throwing nets
Armour
 b - the +2 robe of the King of the Hill (worn) {rF+}
   (You found it on level 2 of the Lair of Beasts)

   rF:        It protects you from fire.
 e - the +2 pair of gloves of Qazlal's Delight (worn) {rC- Will+ Str+4 Int+3}
   (You found it in a Gauntlet)

   Str:       It affects your strength (+4).
   Int:       It affects your intelligence (+3).
   rC:        It makes you vulnerable to cold.
   Will:      It increases your willpower.
 F - a +1 hat (worn)
 H - a +1 cloak (worn)
Magical Staves
 d - a staff of death
Jewellery
 j - an amulet of magic regeneration (around neck)
 p - the ring "Ekud Ali" (right hand) {Fire rPois rN+++ Str-2 SInv}
   (You found it in a Gauntlet)

   [ring of fire]

   It enhances your fire magic.
   Str:       It affects your strength (-2).
   rF:        It protects you from fire.
   rC:        It makes you vulnerable to cold.
   rPois:     It protects you from poison.
   rN:        It renders you almost immune to negative energy.
   SInv:      It lets you see invisible.
 u - a +4 ring of slaying
 w - a ring of willpower
 y - a +4 ring of protection
 z - a ring of wizardry (left hand)
 G - a ring of ice
 O - a ring of resist corrosion
Wands
 E - a wand of roots (12)
 K - a wand of polymorph (12)
 Q - a wand of digging (5)
 U - a wand of mindburst (11)
Scrolls
 n - 4 scrolls of amnesia
 o - 2 scrolls of teleportation
 r - 3 scrolls of fog
 D - 3 scrolls of enchant armour
Potions
 c - 2 potions of might {unknown}
 f - 5 potions of haste
 g - a potion of heal wounds
 h - 2 potions of degeneration {unknown}
 i - a potion of resistance {unknown}
 k - 8 potions of curing
 l - 4 potions of flight
 m - 3 potions of mutation
 q - 4 potions of attraction {unknown}
 s - 2 potions of cancellation {unknown}
 t - a potion of lignification {unknown}
 v - 3 potions of magic
 M - a potion of invisibility
Miscellaneous
 P - a phial of floods
 V - a box of beasts


   Skills:
 + Level 6.7 Fighting
 - Level 7.0 Armour
 - Level 5.0 Dodging
 - Level 7.0 Stealth
 * Level 9.2 Spellcasting
 + Level 5.5 Conjurations
 + Level 5.6 Necromancy
 - Level 5.0 Transmutations
 - Level 5.0 Fire Magic
 + Level 4.4 Ice Magic
 + Level 5.7 Air Magic
 + Level 5.8 Earth Magic
 - Level 6.0 Poison Magic


You had 6 spell levels left.
You knew the following spells:

 Your Spells              Type           Power      Damage    Failure   Level
a - Freezing Cloud        Conj/Ice/Air   24%        6-21      4%          5
b - Stone Arrow           Conj/Erth      100%       3d13      1%          3
c - Poisonous Vapours     Pois/Air       100%       N/A       1%          2
d - Ignite Poison         Fire/Tmut/Pois 65%        N/A       1%          3
g - Lee's Rapid Deconstr  Erth           25%        3d14*     3%          5
i - Sublimation of Blood  Necr           50%        N/A       1%          2
r - Olgreb's Toxic Radia  Pois           52%        N/A       1%          4

Your spell library contained the following spells:

 Spells                   Type           Power      Damage    Failure   Level
 Freeze                   Ice            100%       1d10      1%          1
 Magic Dart               Conj           100%       1d8       1%          1
 Sandblast                Erth           100%       2d20      1%          1
 Shock                    Conj/Air       100%       1d9       1%          1
 Sting                    Tmut/Pois      100%       1d8       1%          1
 Cigotuvi's Dreadful Rot  Necr/Pois/Air  100%       N/A       1%          2
 Passwall                 Tmut/Erth      40%        N/A       1%          2
 Searing Ray              Conj           100%       2d8       1%          2
 Wereblood                Tmut           46%        N/A       1%          2
 Frozen Ramparts          Ice            86%        1d13      1%          3
 Hailstorm                Conj/Ice       46%        3d11      1%          3
 Swiftness                Air            51%        N/A       1%          3
 Airstrike                Air            25%        2d(4-20)  1%          4
 Petrify                  Tmut/Erth      49%        N/A       1%          4
 Fulminant Prism          Conj/Hex       16%        3d10      4%          4
 Leda's Liquefaction      Hex/Erth       16%        N/A       4%          4
 Metabolic Englaciation   Hex/Ice        14%        N/A       16%         5
 Statue Form              Tmut/Erth      32%        N/A       22%         6
 Summon Hydra             Summ           7%         N/A       100%        7


Dungeon Overview and Level Annotations

Branches:
Dungeon (9/15)             Temple (0/1) D:6            Lair (5/5) D:8
  Swamp (0/4) Lair:3       Spider (0/4) Lair:3        Slime (0/5) Lair:5
Gauntlet (visited)
    Orc: D:9-12

Shops:
D:2 :

Annotations:
D:7 3 runed translucent doors, Nick1's ghost, novice FoFi
D:9 2 transporters
Lair:4 3 runed translucent doors, Kyusiynim's ghost, journeyman GnEn
Lair:5 1 exclusion


Innate Abilities, Weirdness & Mutations

You have an increased reservoir of magic. (+10% MP)
You shall have no god before yourself.
Your divine heritage dramatically boosts your attributes as you level up.


Message History

The smoke demon gestures at you. Something smites you!
The orange demon is engulfed in freezing vapours.
Casting: Freezing Cloud (dangerous; 4% risk of failure)
Confirm with . or Enter, or press ? or * to list all spells.
Aiming: Freezing Cloud (dangerous; 4% risk of failure)
Press: ? - help, Dir - move target, f - you, p - hell hound
Okay, then.
You kill the hell hound!
The orange demon is engulfed in freezing vapours.
The smoke demon is engulfed in freezing vapours.
An ice devil comes into view. x2
The orange demon is engulfed in freezing vapours.
The smoke demon is engulfed in freezing vapours.
The smoke demon gestures at you. Something smites you!
Aiming: Stone Arrow (safe; 1% risk of failure)
Press: ? - help, Q - select action, (/) - cycle Shift-Dir - straight line, f - smoke demon
Aim: a smoke demon (freezing vapour, severely wounded, 81% to hit)
The stone arrow hits the smoke demon!!
You kill the smoke demon!
The orange demon is engulfed in freezing vapours. x2
Casting: Stone Arrow (safe; 1% risk of failure)
Confirm with . or Enter, or press ? or * to list all spells.
Aiming: Freezing Cloud (dangerous; 4% risk of failure)
Press: ? - help, Dir - move target That beam is likely to hit you.
Continue anyway?
You are engulfed in freezing vapours.
The sun demon is engulfed in freezing vapours.
The orange demon is engulfed in freezing vapours.
You kill the orange demon!
The orange demon is engulfed in freezing vapours.
The sun demon attacks as you move away! The sun demon hits you!
You are engulfed in flames.
You resist.
You are engulfed in freezing vapours.
* * * LOW HITPOINT WARNING * * *
The sun demon is engulfed in freezing vapours.
The orange demon is engulfed in freezing vapours.
Okay, then.
You feel much better.
You are engulfed in freezing vapours.
You die...

## ≈§§ ############≈≈§≈ ♣
........#§§§§.§≈ ♣♣
...8.8.§#§§§§§§. .♣
..8.#..§3§§§4§§. .♣
...8.#.@#....... ♣♣
..#.8...#....... ♣
...#.8..###############
..8.8...'.............#
........#...8....8....#
♣♣♣♣♣+#########.............#
♣♣.♣♣.♣♣♣ ######''#######
♣♣.......♣♣♣ ♣.....♣
♣♣...♣♣♣....♣♣♣ ♣♣..♣♣♣


You could see a sun demon and an ice devil.

Vanquished Creatures
  Kirke (Lair:4)
  2 dire elephants (Lair:5)
  A minotaur (Gauntlet)
  A hydra (Lair:5)
  A ghost crab (Gauntlet)
  A catoblepas (Lair:3)
  Erica (D:9)
  2 death yaks (Lair:4)
  Sonja (Lair:3)
  A wizard (Lair:5)
  10 elephants
  An ice statue (Gauntlet)
  4 black mambas
  A smoke demon (Lair:5)
  A torpor snail (Gauntlet)
  An orange demon (Lair:5)
  9 cane toads
  7 rime drakes
  3 komodo dragons (Lair:5)
  A troll (D:8)
  A hornet (D:9)
  15 blink frogs
  A shadow (D:9)
  52 yaks
  A wyvern (Lair:4)
  A wraith (D:8)
  A basilisk (Lair:2)
  2 redbacks (Lair:3)
  4 hogs (Lair:4)
  2 wargs (D:8)
  An acid dragon (D:9)
  Duvessa (D:4)
  18 water moccasins
  3 hell hounds (Lair:5)
  4 orc warriors
  A sky beast (D:8)
  A black bear (D:4)
  2 ogres
  An ice beast (D:6)
  4 wolves (Lair:2)
  2 centaurs
  12 bullfrogs
  A gnoll sergeant (D:6)
  8 scorpions
  17 wights
  Dowan (D:4)
  4 killer bees (D:9)
  2 howler monkeys (D:5)
  7 electric eels
  5 jellies (Lair:5)
  A gnoll bouda (D:5)
  3 orc priests
  Crazy Yiuf (D:7)
  3 hounds
  2 iguanas
  A sleepcap (D:8)
  10 orc wizards
  5 adders
  15 gnolls
  A white imp (D:6)
  An ufetubus (D:7)
  A worm (D:4)
  2 dart slugs
  28 orcs
  5 bats
  3 endoplasms
  2 giant cockroaches
  5 hobgoblins
  3 jackals (D:5)
  A quokka (D:2)
  6 ball pythons
  2 frilled lizards (D:2)
  3 goblins
  6 kobolds
  5 rats
340 creatures vanquished.

Vanquished Creatures (others)
  A wizard (D:6)
1 creature vanquished.

Grand Total: 341 creatures vanquished

Notes
Turn   | Place    | Note
-------+----------+-------------------------------------------
     0 | D:1      | wingedge the Demigod Earth Elementalist began the quest for
                  | the Orb.
     0 | D:1      | Reached XP level 1. HP: 14/14 MP: 5/5
   456 | D:1      | Reached XP level 2. HP: 20/20 MP: 5/7
   637 | D:2      | Reached skill level 2 in Spellcasting
   679 | D:2      | Found Qoclueni's Book Shoppe.
   751 | D:2      | Reached skill level 1 in Conjurations
   751 | D:2      | Reached XP level 3. HP: 27/27 MP: 5/8
   781 | D:2      | Learned a level 3 spell: Stone Arrow
  1681 | D:3      | Reached skill level 1 in Fighting
  1681 | D:3      | Reached XP level 4. HP: 35/35 MP: 3/10
  2312 | D:3      | Reached XP level 5. HP: 30/40 MP: 4/12
  2428 | D:4      | Noticed a black bear
  2433 | D:4      | Killed a black bear
  2434 | D:4      | Reached skill level 3 in Spellcasting
  2883 | D:4      | Noticed Duvessa
  2883 | D:4      | Noticed Dowan
  2904 | D:4      | Killed Duvessa
  2905 | D:4      | Reached XP level 6. HP: 37/48 MP: 6/14
  2958 | D:4      | Killed Dowan
  3750 | D:5      | Entered Level 5 of the Dungeon
  3773 | D:5      | Reached skill level 4 in Spellcasting
  3980 | D:5      | Reached XP level 7. HP: 52/56 MP: 1/16
  4330 | D:5      | Reached skill level 1 in Armour
  4454 | D:5      | Learned a level 2 spell: Poisonous Vapours
  4545 | D:6      | Reached skill level 1 in Air Magic
  4545 | D:6      | Reached skill level 1 in Poison Magic
  4636 | D:6      | Reached skill level 5 in Spellcasting
  4636 | D:6      | Reached XP level 8. HP: 63/63 MP: 11/19
  4857 | D:2      | Bought a Trismegistus Codex for 286 gold pieces
  4861 | D:2      | Learned a level 3 spell: Ignite Poison
  4867 | D:2      | Learned a level 5 spell: Freezing Cloud
  5292 | D:6      | Found a staircase to the Ecumenical Temple.
  5344 | D:6      | Reached skill level 1 in Transmutations
  5559 | D:6      | Reached skill level 1 in Fire Magic
  5576 | D:6      | Learned a level 2 spell: Sublimation of Blood
  5746 | D:6      | Noticed a wizard
  5750 | D:6      | Killed a wizard
  6663 | D:7      | Found a runed translucent gate.
  6664 | D:7      | Found a runed translucent gate.
  6666 | D:7      | Found a runed translucent gate.
  6666 | D:7      | Noticed a white ugly thing
  6668 | D:7      | Noticed Nick1's ghost (novice FoFi)
  6730 | D:7      | Found a runed translucent door.
  6731 | D:7      | Noticed Crazy Yiuf
  6737 | D:7      | Killed Crazy Yiuf
  6804 | D:7      | Reached XP level 9. HP: 67/71 MP: 4/21
  6881 | D:7      | Reached skill level 1 in Necromancy
  6935 | D:7      | You fall into a shaft and drop 2 floors!
  6956 | D:9      | Noticed a salamander
  6957 | D:9      | Noticed a cyclops
  6958 | D:9      | Noticed a seven-headed hydra
  6961 | D:9      | Found a transporter.
  7012 | D:9      | a salamander changed into a death drake
  7012 | D:9      | Noticed a death drake (shapeshifter)
  7014 | D:9      | a death drake changed into a skyshark
  7014 | D:9      | Noticed a skyshark (shapeshifter)
  7017 | D:9      | a skyshark changed into a merfolk
  7027 | D:9      | a merfolk changed into a two-headed ogre
  7027 | D:9      | Noticed a two-headed ogre (shapeshifter)
  7035 | D:9      | a two-headed ogre changed into a manticore
  7035 | D:9      | Noticed a manticore (shapeshifter)
  7067 | D:8      | Reached skill level 5 in Stealth
  7136 | D:8      | Reached skill level 6 in Spellcasting
  7383 | D:8      | Found a staircase to the Lair.
  8446 | D:9      | Noticed Erica
  8466 | D:9      | Killed Erica
  8467 | D:9      | Reached skill level 5 in Armour
  8467 | D:9      | Reached XP level 10. HP: 80/80 MP: 3/23
  8686 | D:9      | Found a transporter.
  8799 | D:9      | Noticed a lindwurm
  8807 | D:9      | a lindwurm changed into a deep troll
  8807 | D:9      | Noticed a deep troll (shapeshifter)
  9119 | Lair:1   | Entered Level 1 of the Lair of Beasts
  9420 | Lair:1   | Learned a level 4 spell: Olgreb's Toxic Radiance
  9475 | Lair:1   | Reached skill level 7 in Spellcasting
  9475 | Lair:1   | Reached skill level 1 in Ice Magic
  9864 | Lair:1   | Reached skill level 5 in Fighting
  9931 | Lair:1   | Reached XP level 11. HP: 86/86 MP: 15/25
 10145 | Lair:2   | Found a gate leading to a gauntlet.
 10154 | Gauntlet | Entered a Gauntlet
 10154 | Gauntlet | Found a transporter.
 10154 | Gauntlet | Found a transporter.
 10156 | Gauntlet | Found a transporter.
 10156 | Gauntlet | Found a transporter.
 10156 | Gauntlet | Noticed a soul eater
 10159 | Gauntlet | Found a transporter.
 10170 | Gauntlet | Found a transporter.
 10176 | Gauntlet | Found a transporter.
 10191 | Gauntlet | Found a runed translucent door.
 10237 | Gauntlet | Identified the +2 pair of gloves of Qazlal's Delight {rC-
                  | Will+ Str+4 Int+3}
 10275 | Gauntlet | Found a transporter.
 10275 | Gauntlet | Found a transporter.
 10297 | Gauntlet | Noticed a ghost crab
 10353 | Gauntlet | Noticed a hell beast
 10386 | Gauntlet | Identified the +6 battleaxe "Pad Veetitai" {antimagic,
                  | rElec Str+3 Int+4}
 10394 | Gauntlet | Found a transporter.
 10396 | Gauntlet | Noticed a death drake
 10406 | Gauntlet | Found a transporter.
 10427 | Gauntlet | Found a transporter.
 10433 | Gauntlet | Found a transporter.
 10436 | Gauntlet | Killed a ghost crab
 10607 | Gauntlet | Identified the ring "Ekud Ali" {Fire rPois rN+++ Str-2
                  | SInv}
 10626 | Gauntlet | Noticed a minotaur
 10635 | Gauntlet | Killed a minotaur
 11191 | Lair:2   | Identified the +2 robe of the King of the Hill {rF+}
 11450 | Lair:2   | Learned a level 5 spell: Lee's Rapid Deconstruction
 11534 | Lair:3   | You fall into a shaft and drop 2 floors!
 11534 | Lair:5   | Entered Level 5 of the Lair of Beasts
 11534 | Lair:5   | Found a staircase to the Slime Pits.
 11686 | Lair:5   | Reached XP level 12. HP: 57/94 MP: 22/28
 11836 | Lair:5   | Reached skill level 8 in Spellcasting
 11836 | Lair:5   | Reached skill level 5 in Poison Magic
 11981 | Lair:4   | Found a runed translucent gate.
 11981 | Lair:4   | Found a runed translucent gate.
 12004 | Lair:3   | Reached skill level 5 in Transmutations
 12057 | Lair:3   | Found a hole to the Spider Nest.
 12161 | Lair:3   | Reached skill level 5 in Fire Magic
 12184 | Lair:3   | Found a staircase to the Swamp.
 12269 | Lair:3   | Noticed a catoblepas
 12277 | Lair:3   | Killed a catoblepas
 12344 | Lair:3   | Noticed Sonja
 12347 | Lair:3   | Killed Sonja
 13022 | Lair:4   | Reached skill level 5 in Earth Magic
 13024 | Lair:4   | Reached skill level 5 in Air Magic
 13334 | Lair:4   | Found a runed translucent gate.
 13345 | Lair:4   | Noticed Kirke
 13346 | Lair:4   | Reached skill level 5 in Necromancy
 13349 | Lair:4   | Noticed Kyusiynim's ghost (journeyman GnEn)
 13426 | Lair:4   | Killed Kirke
 13429 | Lair:4   | Reached skill level 5 in Conjurations
 14018 | Lair:5   | Noticed an eight-headed hydra
 14022 | Lair:5   | Killed an eight-headed hydra
 14039 | Lair:5   | Reached XP level 13. HP: 103/103 MP: 9/30
 14253 | Lair:5   | Reached skill level 9 in Spellcasting
 14401 | Lair:5   | Noticed a dire elephant
 14407 | Lair:5   | Killed a dire elephant
 14480 | Lair:5   | Noticed a dire elephant
 14485 | Lair:5   | Killed a dire elephant
 14881 | Lair:5   | Reached skill level 5 in Dodging
 14905 | Lair:5   | Engulfed by a cloud of freezing vapour

Illustrated notes

Levels and vault maps discovered:
D:1:      dpeg_arrival_long_road, layout_rooms, serial_bayou_lake_a
D:2:      layout_rooms, serial_shops, shop_fountains, minmay_pentomino_x4
D:3:      layout_basic, mainiacjoe_overflow_surrounded_room
D:4:      layout_loops_ring, hangedman_ru_absence,
          nicolae_overflow_hidden_temple, uniq_duvessa
D:5:      minmay_spotlight, layout_layer_cave, corexii_checkpoint_b
D:6:      layout_loops_ring, trog_wizard, minmay_temple_entry_junction,
          serial_bayou, serial_bayou_lagoon_b, serial_bayou_pond_b,
          serial_bayou_shore_a, serial_bayou_shore_b
D:7:      layout_gridville, gammafunk_ghost_split, uniq_crazy_yiuf_cottage
D:8:      layout_layer_cave, lemuel_crystal_altar, lemuel_crystal_altar,
          okawaru_metal_pillars_1_2, erik_lair_orcish_takeover
D:9:      layout_loops_ring, gammafunk_temple_overflow_arena,
          grunt_temple_overflow_growth_and_decay, uniq_erica
Lair:1:   layout_cave_shapes, chequers_serial_rivers_large_b,
          serial_bayou_pond_c, beast_lair_carwin_6
Lair:2:   layout_hall_layers, portal_ice_cave_entry_pillars_1,
          gauntlet_entry_generic, grunt_megastairs_1
Lair:3:   layout_small_grid, minmay_swamp_entry_eels, spider_nest_entry_a,
          uniq_sonja
Lair:4:   layout_gridlike, gammafunk_ghost_necromancy, beast_lair_carwin_11,
          uniq_kirke
Lair:5:   evil_forest, layout_gridlike, nicolae_slime_entry_field_trip

Skill      XL: |  1  2  3  4  5  6  7  8  9 10 11 12 13 |
---------------+----------------------------------------+-----
Spellcasting   | 2 3 4 5 6 7 8 9 |  9.2
Dodging        | 2 3 4 5 |  5.0
Stealth        | 2 3 4 5 6 7 |  7.0
Earth Magic    | 3 4 5 |  5.8
Conjurations   | 1 2 3 4 5 |  5.5
Fighting       | 1 2 3 4 5 6 |  6.7
Armour         | 2 3 5 6 7 |  7.0
Air Magic      | 1 2 3 4 5 |  5.7
Poison Magic   | 1 2 3 4 5 6 |  6.0
Transmutations | 2 3 4 5 |  5.0
Fire Magic     | 2 3 4 5 |  5.0
Necromancy     | 2 3 4 5 |  5.6
Ice Magic      | 1 2 4 |  4.4

Action                     |  1- 3 |  4- 6 |  7- 9 | 10-12 | 13-15 || total
---------------------------+-------+-------+-------+-------+-------++-------
  Melee: Short sword       |       |     1 |    10 |       |       ||    11
         Spear             |       |       |     3 |       |       ||     3
         Flail             |       |       |     1 |       |       ||     1
         Falchion          |       |       |       |    10 |       ||    10
         War axe           |       |       |       |     9 |       ||     9
   Cast: Sandblast         |    41 |     2 |       |       |       ||    43
         Stone Arrow       |     2 |    57 |   113 |    99 |    15 ||   286
         Poisonous Vapours |       |       |    78 |    72 |    13 ||   163
         Ignite Poison     |       |       |    41 |    63 |    11 ||   115
         Olgreb's Toxic Ra |       |       |       |    29 |     4 ||    33
         Freezing Cloud    |       |       |       |    16 |     9 ||    25
    Use: Scroll            |       |     7 |     2 |    13 |       ||    22
         Potion            |       |     2 |       |     4 |     1 ||     7
 Armour: Robe              |     1 |       |       |     8 |       ||     9
         Ring mail         |       |       |    19 |    16 |       ||    35
  Dodge: Dodged            |     4 |     9 |    38 |    46 |     3 ||   100
